 Dungeon Crawl Stone Soup version 0.22-a0-77-g0fd0111 (webtiles) character file.

16 shenanigans the Skirmisher (level 2, -1/25 HPs)
             Began as a Barachi Monk on Jan 14, 2018.
             Slain by a hobgoblin (2 damage)
             ... on level 1 of the Dungeon.
             The game lasted 00:00:49 (795 turns).

shenanigans the Skirmisher (Barachi Monk)            Turns: 795, Time: 00:00:49

Health: -1/25      AC:  2    Str: 12    XL:     2   Next: 58%
Magic:  2/2        EV: 13    Int: 10    God:
Gold:   52         SH:  0    Dex: 14    Spells: 1/1 levels left

rFire    . . .     SeeInvis .   a - +0 falchion
rCold    . . .     Gourm    .   (no shield)
rNeg     . . .     Faith    .   b - +0 robe
rPois    .         Spirit   .   (no helmet)
rElec    .         Reflect  .   (no cloak)
rCorr    .         Harm     .   (no gloves)
MR       .....                  (no boots)
Stlth    ++........             (no amulet)
HPRegen  0.08/turn              (no ring)
MPRegen  0.08/turn              (no ring)

@: slow
A: +LOS, swims, slowness 1, strong legs 1
a: Hop


You were on level 1 of the Dungeon.
You were not hungry.

You visited 1 branch of the dungeon, and saw 1 of its levels.

You collected 52 gold pieces.

Inventory:

Hand Weapons
 a - a +0 falchion (weapon)
Armour
 b - a +0 robe (worn)
Scrolls
 e - a scroll of random uselessness {unknown}
 f - 2 scrolls of teleportation {unknown}
 g - a scroll of remove curse {unknown}
Potions
 d - a potion of berserk rage {unknown}
 h - a potion of degeneration {unknown}
Comestibles
 c - a ration


   Skills:
 + Level 3.9 Fighting
 + Level 3.9 Long Blades
 + Level 1.1 Armour
 + Level 3.5 Dodging
 - Level 1.7 Stealth


You had one spell level left.
You didn't know any spells.

Dungeon Overview and Level Annotations

Branches:
Dungeon (1/15)

Altars:


Innate Abilities, Weirdness & Mutations

Shadows flee at your approach. (+LOS)
You can swim through water.
You cover ground slowly.
You can hop short distances.


Message History

The ooze is severely wounded.
The rat completely misses you. The ooze hits you.
The hobgoblin hits you but does no damage.
The rat bites you.
You barely miss the ooze.
The ooze is severely wounded.
The ooze barely misses you. The hobgoblin completely misses you.
The rat bites you.
Unknown command.
You hit the ooze.
The ooze is almost dead.
The ooze hits you. The hobgoblin hits you.
* * * LOW HITPOINT WARNING * * *
The rat misses you.
You barely miss the ooze.
The ooze is almost dead.
The ooze hits you.
* * * LOW HITPOINT WARNING * * *
The hobgoblin hits you.
You die...

#.......# #.#
#.....### #.#
#...†## #.# ##
#....# #.# #. #....#
#.# #. #....# #.#
###. #....## ##...
#.....### ##....
#....@J.# #.....
###..gr.....# #.....
#.........# #.....
#.........# ##.....
#.........####......
#.........##...#....
#.........#..####...
###########.## #...#
#.####....


You could see an ooze, a hobgoblin and a rat.

Vanquished Creatures
  An ooze (D:1)
  2 leopard geckos (D:1)
  A bat (D:1)
  A goblin (D:1)
  2 hobgoblins (D:1)
  A frilled lizard (D:1)
  2 rats (D:1)
10 creatures vanquished.

Vanquished Creatures (others)
  5 toadstools (D:1)
5 creatures vanquished.

Grand Total: 15 creatures vanquished

Notes
Turn   | Place    | Note
-------+----------+-------------------------------------------
     0 | D:1      | shenanigans the Barachi Monk began the quest for the Orb.
     0 | D:1      | Reached XP level 1. HP: 18/18 MP: 1/1
    48 | D:1      | Reached XP level 2. HP: 16/25 MP: 2/2
   253 | D:1      | Reached skill level 1 in Armour
   795 | D:1      | HP: 1/25 [ooze (3)]
   795 | D:1      | Slain by a hobgoblin

Vault maps used:
D:1:      ldierk_walled_garden, st_stairs_7

Skill      XL: |  1  2 |
---------------+-------+-----
Armour         | 1 |  1.1
Fighting       | |  3.9
Long Blades    | |  3.9
Dodging        | |  3.5
Stealth        | |  1.7

Action                   || total
-------------------------++-------
Melee: Falchion          ||    43
 Stab: Sleeping          ||     1
Armor: Robe              ||     7
Dodge: Dodged            ||    40
       Rpst.: Falchion   ||    12

Table legend:
 A = Spawn XP
 B = Non-spawn XP
 C = Spawn XP percentage of total XP
 D = Spawn monster count
 E = Non-spawn monster count
 F = Spawn count percentage of total count
 G = Total turns spent on level
                    A         B        C        D         E        F      G
               +---------+---------+-------+---------+---------+-------+---------
         Total |       0 |      24 |   0.0 |       0 |      10 |   0.0 |   795
               +---------+---------+-------+---------+---------+-------+---------
           D:1 |       0 |      24 |   0.0 |       0 |      10 |   0.0 |   795
               +---------+---------+-------+---------+---------+-------+---------
